 Dungeon Crawl Stone Soup version 0.30.1-11-g7821555f0a (webtiles) character file.

Game seed: 8454898423266891168

2 LowPressure the Ruffian (level 1, -1/16 HPs)
             Began as a Draconian Transmuter on Oct 27, 2023.
             Slain by an endoplasm (2 damage)
             ... on level 1 of the Dungeon.
             The game lasted 00:00:21 (69 turns).

LowPressure the Ruffian (Draconian Transmuter)        Turns: 69, Time: 00:00:21

Health: -1/16      AC:  4    Str: 12    XL:     1   Next: 33%
Magic:  2/3        EV: 12    Int: 13    God:
Gold:   9          SH:  0    Dex: 11    Spells: 3/4 levels left

rFire   . .          .
                       - Unarmed
rCold   . . .        (no shield)
rNeg    . . .        (body armour unavailable)
rPois   .            (helmet currently unavailable)
rElec   .            (no cloak)
rCorr   .            (no gloves)
SInv    .            (boots currently unavailable)
Will    .....        (no amulet)
Stlth   +            (no ring)
HPRegen 0.22/turn    (no ring)
MPRegen 0.08/turn

%: no passive effects
@: appendages, slowed, very slow
A: horns 2, talons 2, AC +4, unfitting armour, cold-blooded
a: End Transformation


You were on level 1 of the Dungeon.
You had temporarily grown beastly horns and talons.
You visited 1 branch of the dungeon, and saw 1 of its levels.

You collected 9 gold pieces.

Inventory:

Potions
 a - a potion of lignification


   Skills:
 + Level 1.1 Fighting
 + Level 1.9 Dodging
 + Level 3.0 Unarmed Combat
 + Level 2.0 Spellcasting
 + Level 2.0 Transmutations


You had 3 spell levels left.
You knew the following spells:

 Your Spells              Type           Power      Damage    Failure   Level
a - Beastly Appendage     Tmut           12%        N/A       11%         1

Your spell library contained the following spells:

 Spells                   Type           Power      Damage    Failure   Level
 Wereblood                Tmut           6%         N/A       17%         2
 Shock                    Conj/Air       4%         1d3       26%         1
 Spider Form              Tmut/Pois      3%         N/A       45%         3
 Swiftness                Air            1%         N/A       58%         3
 Ice Form                 Ice/Tmut       3%         N/A       86%         4
 Airstrike                Air            0%         2d(1-17)  94%         4


Dungeon Overview and Level Annotations

Branches:
Dungeon (1/15)

Altars:


Innate Abilities, Weirdness & Mutations

You have temporarily grown beastly horns and talons.
Your plain brown scales are hard. (AC +4)
You cannot fit into any form of body armour.
You are cold-blooded and may be slowed by cold attacks.


Message History

You hit the jackal but do no damage. Your kick misses the jackal.
The jackal closely misses you. The jackal bites you.
You closely miss the jackal. You tail-slap the jackal.
The jackal is severely wounded.
The jackal completely misses you.
You barely miss the jackal. Your headbutt misses the jackal.
The jackal is severely wounded.
The jackal closely misses you.
You hit the jackal.
You kill the jackal!
You barely miss the kobold. The endoplasm freezes you.
You are frozen.
You feel yourself slow down. The kobold barely misses you.
You barely miss the kobold. You claw the kobold, but do no damage.
Your tail-slap misses the kobold.
Your transformation is almost over.
The endoplasm freezes you.
You are frozen.
You feel as though you will be slow longer.
The kobold hits you but does no damage.
You hit the kobold.
You kill the kobold!
The endoplasm freezes you.
You are frozen.
* * * LOW HITPOINT WARNING * * *
The endoplasm freezes you.
You are frozen.
* * * LOW HITPOINT WARNING * * *
The jackal barks!
You hit the endoplasm but do no damage.
You claw the endoplasm, but do no damage.
Your headbutt misses the endoplasm. You tail-slap the endoplasm.
The endoplasm is heavily wounded.
The endoplasm hits you.
* * * LOW HITPOINT WARNING * * *
Casting: Beastly Appendage (safe; 11% risk of failure)
Confirm with . or Enter, or press ? or * to list all spells.
You extend your transformation's duration.
The endoplasm closely misses you. The endoplasm hits you.
You die...

'# ... ....
.?..#
.....#
....###
#h..## #)J#
####@######
#.........#
#.........+
#.........#
#.........#
#.........#
#.#########
#.# #.#


You could see an endoplasm and a jackal.

Vanquished Creatures
  A jackal (D:1)
  A kobold (D:1)
2 creatures vanquished.

Notes
Turn   | Place    | Note
-------+----------+-------------------------------------------
     0 | D:1      | LowPressure the Draconian Transmuter began the quest for
                  | the Orb.
     0 | D:1      | Reached XP level 1. HP: 16/16 MP: 3/3
    69 | D:1      | Slain by an endoplasm

Illustrated notes

Levels and vault maps discovered:
D:1:      eino_arrival_cavern_e, layout_basic

Action                     || total
---------------------------++-------
  Melee: Unarmed           ||    10
         Kick              ||     2
         Tailslap          ||     2
         Headbutt          ||     1
   Cast: Beastly Appendage ||     2
 Armour: Skin              ||     2
  Dodge: Dodged            ||     7
